 Dungeon Crawl Stone Soup version 0.31.0-32-g396128a36d (webtiles) character file.

Game seed: 1415898118162352852

15955 Silvore the Basher (level 12, -28/108 HPs)
             Began as a Minotaur Fighter on Mar 20, 2024.
             Was an Elder of the Shining One.
             Annihilated by a titanic slime creature (75 damage)
             ... on level 12 of the Dungeon on Mar 21, 2024.
             The game lasted 00:14:13 (12154 turns).

Silvore the Basher (Minotaur Fighter)              Turns: 12154, Time: 00:14:14

Health: -28/108    AC: 24    Str: 27    XL:     12   Next: 5%
Magic:  11/11      EV:  9    Int:  5    God:    the Shining One [****..]
Gold:   952        SH: 10    Dex:  9    Spells: 11/11 levels left

rFire   . . .        k - +0 mace (flame)
rCold   . . .        y - +0 kite shield
rNeg    + + .        E - +2 shadow dragon scales
rPois   .            (helmet restricted)
rElec   .            (no cloak)
rCorr   .            q - +3 pair of gauntlets of War {Slay+5}
SInv    .            (no boots)
Will    +....        (no amulet)
Stlth   +            v - ring of flight
HPRegen 0.38/turn    B - ring of willpower
MPRegen 0.12/turn

%: no passive effects
@: flying, glowing
A: horns 2, retaliatory headbutt
a: Renounce Religion, Divine Shield, Cleansing Flame


You were on level 12 of the Dungeon.
You worshipped the Shining One.
The Shining One was greatly pleased with you.
You visited 2 branches of the dungeon, and saw 13 of its levels.

You collected 1123 gold pieces.
You donated 171 gold pieces to Zin.

Inventory:

Hand Weapons
 k - a +0 mace of flaming (weapon)
 t - the +1 dagger "Omus" {venom, rElec rF+}
   (You found it on level 8 of the Dungeon)

   rF+:       It protects you from fire.
   rElec:     It insulates you from electricity.
Armour
 c - a +0 buckler
 q - the +3 pair of gauntlets of War (worn) {Slay+5}
   (You acquired it on level 4 of the Dungeon)

   Slay+5:    It affects your accuracy & damage with ranged weapons and melee
   (+5).
 y - a +0 kite shield (worn)
 E - +2 shadow dragon scales (worn)
Jewellery
 o - a ring of poison resistance
 v - a ring of flight (left hand)
 A - a +4 ring of protection
 B - a ring of willpower (right hand)
Wands
 a - a wand of mindburst (7)
 l - a wand of paralysis (6)
Scrolls
 d - a scroll of silence
 f - a scroll of enchant armour
 i - 6 scrolls of teleportation
 j - 6 scrolls of noise
 s - a scroll of butterflies
 w - a scroll of immolation
 x - a scroll of brand weapon
 z - a scroll of acquirement
 C - a scroll of fear
Potions
 b - a potion of brilliance
 e - 2 potions of mutation
 g - 2 potions of enlightenment
 h - 3 potions of degeneration
 m - 4 potions of curing
 n - 2 potions of ambrosia
 p - 4 potions of heal wounds
 r - 3 potions of attraction
 D - 3 potions of resistance
 F - 2 potions of lignification


   Skills:
 + Level 10.7 Fighting
 + Level 13.9 Maces & Flails
 + Level 13.0 Armour
 + Level 4.8 Dodging
 + Level 1.6 Stealth
 + Level 9.6 Shields


You had 11 spell levels left.
You didn't know any spells.
Your spell library contained the following spells:

 Spells                   Type           Power      Damage    Failure   Level
 Apportation              Tloc           0%         N/A       98%         1
 Jinxbite                 Hex            0%         N/A       99%         2
 Lesser Beckoning         Tloc           0%         N/A       99%         2
 Mercury Vapours          Alch/Air       0%         N/A       99%         2
 Static Discharge         Conj/Air       0%         3-3/arc   99%         2
 Fugue of the Fallen      Necr           0%         N/A       100%        3
 Gell's Gravitas          Tloc           0%         N/A       100%        3
 Mephitic Cloud           Conj/Alch/Air  0%         N/A       100%        3
 Ozocubu's Armour         Ice            0%         N/A       100%        3
 Teleport Other           Tloc           0%         N/A       100%        3
 Volatile Blastmotes      Fire/Tloc      0%         2d10      100%        3
 Airstrike                Air            0%         2d(0-16)  100%        4
 Brom's Barrelling Bould  Conj/Erth      0%         2d3       100%        4
 Fulminant Prism          Conj/Alch      0%         3d5       100%        4
 Iskenderun's Mystic Bla  Conj/Tloc      0%         2d3       100%        4
 Manifold Assault         Tloc           0%         N/A       100%        4
 Summon Lightning Spire   Summ/Air       0%         N/A       100%        4
 Alistair's Intoxication  Alch           0%         N/A       100%        5
 Fireball                 Conj/Fire      0%         3d3       100%        5
 Freezing Cloud           Conj/Ice/Air   0%         6-21      100%        5
 Iskenderun's Battlesphe  Conj           0%         2d6       100%        5
 Conjure Ball Lightning   Conj/Air       0%         3x3d6     100%        6
 Orb of Destruction       Conj           0%         9d5       100%        7


Dungeon Overview and Level Annotations

Branches:
Dungeon (12/15)            Temple (1/1) D:6            Lair (0/5) D:10
    Orc (0/2) D:11

Altars:
Ashenzari
Cheibriados
Dithmenos
Elyvilon
Fedhas
Gozag
Hepliaklqana
Kikubaaqudgha
Makhleb
Nemelex Xobeh
Okawaru
Qazlal
Ru
Sif Muna
Trog
Uskayaw
Vehumet
Wu Jian
Xom
Yredelemnul
Zin
The Shining One

Shops:
D:2 ?   D:5 [   D:6 *   D:8 (   D:9 [   D:10 *

Portals:
Abyss: D:8

Annotations:
D:8 2 transporters, Saint1's ghost, novice MiFi


Innate Abilities, Weirdness & Mutations

You have a pair of horns on your head.
You reflexively headbutt those who attack you in melee.


Message History

The slime creature hits you but does no damage.
The slime creature hits you!
The slime creature attacks as it pursues you!
The slime creature hits you but does no damage.
The slime creature attacks as it pursues you!
The slime creature hits you.
There is an open door here.
You sock the slime creature! You burn the slime creature!
You headbutt the slime creature!
The slime creature is severely wounded.
Two slime creatures merge to form a large slime creature.
You hit the large slime creature. You burn the large slime creature.
You headbutt the large slime creature!
The large slime creature is heavily wounded.
You thump the large slime creature! You burn the large slime creature.
The large slime creature is severely wounded.
Two slime creatures merge to form a very large slime creature.
You thump the very large slime creature!
You burn the very large slime creature.
You headbutt the very large slime creature!!
The very large slime creature is severely wounded.
You sock the very large slime creature! You burn the very large slime creature.
The very large slime creature is severely wounded.
Two slime creatures merge to form an enormous slime creature.
You thump the enormous slime creature! You burn the enormous slime creature!
The enormous slime creature is severely wounded.
The enormous slime creature hits you!!!
You hit the enormous slime creature. You burn the enormous slime creature.
You headbutt the enormous slime creature!
The enormous slime creature is severely wounded.
Two slime creatures merge to form a titanic slime creature.
You bludgeon the titanic slime creature!!
You burn the titanic slime creature!
The titanic slime creature is severely wounded.
You sock the titanic slime creature! You burn the titanic slime creature.
You headbutt the titanic slime creature.
The titanic slime creature is severely wounded.
The titanic slime creature hits you!!!!
Ouch! That really hurt!
You die...

.......#..........
....>..#..........
..................
.......##.........
.......##.........
.......##.........
#'########'#######
#..# #...>...#
##.# #######@# #.#
#####J#### ##'###
#....J...# .....#
#........# .....#
#........# .....#
#........# .....#
+........# .....+
#........# .....#
#........#


You could see a titanic slime creature and a slime creature.

Vanquished Creatures
  Josephine (D:11)
  Erolcha (D:11)
  3 two-headed ogres
  Nergalle (D:12)
  Lodul (D:11)
  Pikel (D:7)
  2 cyclopes (D:12)
  An elephant (D:10)
  Maggie (D:8)
  2 unseen horrors
  A komodo dragon (D:10)
  3 trolls
  8 yaks
  7 wraiths
  A shadow (D:12)
  2 wyverns
  A steam dragon (D:9)
  4 vampire mosquitoes (D:11)
  Menkaure (D:4)
  2 acid dragons
  Duvessa (D:5)
  2 water moccasins
  4 orc warriors
  4 black bears
  5 ice beasts
  8 ogres
  2 centaurs
  9 kobold brigands
  3 bullfrogs
  3 gnoll sergeants (D:11)
  6 scorpions
  4 wights (D:6)
  Dowan (D:5)
  6 howler monkeys
  A bombardier beetle (D:6)
  7 orc priests
  A hound (D:6)
  4 sleepcaps
  2 jellies
  4 iguanas
  6 orc wizards
  3 gnolls (D:11)
  6 adders
  3 white imps
  3 ribbon worms
  35 orcs
  8 bats
  6 endoplasms
  A giant cockroach (D:3)
  7 goblins
  9 hobgoblins
  2 jackals (D:4)
  49 kobolds
  2 quokkas
  4 ball pythons
  2 frilled lizards (D:1)
  8 rats
275 creatures vanquished.

Notes
Turn   | Place    | Note
-------+----------+-------------------------------------------
     0 | D:1      | Silvore the Minotaur Fighter began the quest for the Orb.
     0 | D:1      | Reached XP level 1. HP: 19/19 MP: 0/0
   280 | D:1      | Reached XP level 2. HP: 27/27 MP: 1/1
  1288 | D:2      | Reached XP level 3. HP: 33/33 MP: 2/2
  1685 | D:2      | Reached XP level 4. HP: 33/40 MP: 3/3
  1716 | D:2      | Found Zoont's Magic Scroll Boutique.
  2021 | D:3      | Found a basalt altar of Yredelemnul.
  2075 | D:3      | Found a stormy altar of Qazlal.
  2364 | D:3      | Reached skill level 5 in Armour
  2929 | D:4      | Reached XP level 5. HP: 43/47 MP: 4/4
  3056 | D:4      | Reached skill level 1 in Dodging
  3147 | D:4      | Reached skill level 5 in Maces & Flails
  3147 | D:4      | Reached XP level 6. HP: 54/55 MP: 5/5
  3311 | D:4      | Noticed Menkaure
  3319 | D:4      | Killed Menkaure
  3320 | D:4      | Reached skill level 5 in Fighting
  3470 | D:4      | Reached XP level 7. HP: 61/61 MP: 6/6
  4429 | D:4      | Identified a scroll of acquirement
  4429 | D:4      | Acquired the +3 pair of gauntlets of War {Slay+5}
  4429 | D:4      | Found the +3 pair of gauntlets of War {Slay+5}
  4450 | D:5      | Entered Level 5 of the Dungeon
  4451 | D:5      | Found Jushreuwn's Antique Armour Shoppe.
  4650 | D:5      | Noticed Dowan
  4650 | D:5      | Noticed Duvessa
  4662 | D:5      | Killed Duvessa
  4667 | D:5      | Killed Dowan
  4793 | D:5      | Reached skill level 1 in Stealth
  4850 | D:5      | Reached skill level 5 in Shields
  4861 | D:5      | Reached XP level 8. HP: 69/69 MP: 7/7
  5321 | D:6      | HP: 1/68 [orc priest/nerve-wracking pain (11)]
  5718 | D:6      | Found Zin's Purification Station.
  5719 | D:6      | Found a glowing silver altar of Zin.
  5751 | D:6      | Became a worshipper of Zin the Law-Giver
  5751 | D:6      | Reached * piety under Zin
  5767 | D:6      | Reached XP level 9. HP: 40/78 MP: 8/8
  6154 | D:6      | Found a blossoming altar of Fedhas.
  6182 | D:6      | Found a staircase to the Ecumenical Temple.
  6258 | D:6      | Donated 117 gold pieces to Zin
  6425 | D:7      | Reached ** piety under Zin
  6449 | D:7      | Found an opulent altar of Gozag.
  6542 | D:7      | Noticed Pikel
  6556 | D:7      | Killed Pikel
  6786 | D:7      | Found a sparkling altar of Nemelex Xobeh.
  7586 | D:8      | Reached skill level 10 in Armour
  7677 | D:8      | Found a bloodstained altar of Trog.
  7681 | D:8      | Identified the +1 dagger "Omus" {venom, rElec rF+}
  7689 | D:8      | Reached skill level 10 in Maces & Flails
  7702 | D:8      | Reached *** piety under Zin
  7774 | D:8      | Noticed Maggie
  7788 | D:8      | Killed Maggie
  7867 | D:8      | Noticed Saint1's ghost (novice MiFi)
  7880 | D:8      | Found a transporter.
  7892 | D:8      | Found a one-way gate to the infinite horrors of the Abyss.
  7948 | D:8      | Found a transporter.
  7980 | D:8      | Found a shadowy altar of Dithmenos.
  7999 | D:8      | Reached **** piety under Zin
  8077 | D:8      | Found Cirof's Weapon Shoppe.
  8373 | Temple   | Entered the Ecumenical Temple
  8388 | Temple   | Fell from the grace of Zin
  8388 | Temple   | Became a worshipper of the Shining One
  8388 | Temple   | Reached * piety under the Shining One
  8388 | Temple   | Reached ** piety under the Shining One
  8521 | D:9      | Reached XP level 10. HP: 86/86 MP: 9/9
  8772 | D:9      | Found a snail-covered altar of Cheibriados.
  8772 | D:9      | Found Cheibriados's Comfort Zone.
  8810 | D:9      | Identified the +1 chain mail "Isekloba" {MP+9}
  9175 | D:10     | Entered Level 10 of the Dungeon
  9175 | D:10     | Noticed a two-headed ogre
  9180 | D:10     | Killed a two-headed ogre
  9337 | D:10     | Found Fahyewn's General Store.
  9620 | D:10     | Noticed an elephant
  9631 | D:10     | Killed an elephant
  9889 | D:10     | Found a staircase to the Lair.
 10177 | D:10     | Found a broken altar of Ashenzari.
 10265 | D:11     | Noticed Erolcha
 10265 | D:11     | Reached *** piety under the Shining One
 10277 | D:11     | Killed Erolcha
 10278 | D:11     | Reached XP level 11. HP: 59/97 MP: 10/10
 10280 | D:11     | Noticed a two-headed ogre
 10284 | D:11     | Killed a two-headed ogre
 10680 | D:11     | Found a staircase to the Orcish Mines.
 10922 | D:11     | Reached skill level 10 in Fighting
 10929 | D:11     | Noticed Lodul
 10948 | D:11     | Killed Lodul
 11148 | D:11     | Noticed a two-headed ogre
 11154 | D:11     | Killed a two-headed ogre
 11411 | D:11     | Reached **** piety under the Shining One
 11412 | D:11     | Noticed Josephine
 11425 | D:11     | Killed Josephine
 11770 | D:12     | Noticed Nergalle
 11789 | D:12     | Killed Nergalle
 11907 | D:12     | Reached XP level 12. HP: 65/108 MP: 11/11
 12154 | D:12     | Annihilated by a titanic slime creature

Illustrated notes

Levels and vault maps discovered:
D:1:      tarquinn_simple_flora_water_e, layout_loops_corners, serial_forest,
          infiniplex_forest_clump_long, infiniplex_forest_lined_corner,
          infiniplex_forest_end_1, infiniplex_forest_corner_1,
          infiniplex_forest_side_room, infiniplex_forest_side_room,
          infiniplex_forest_zigzag_1, infiniplex_forest_zigzag_2,
          minmay_misc_feat_iff
D:2:      layout_basic, serial_shops, shop
D:3:      layout_basic, mainiacjoe_overflow_surrounded_room,
          mainiacjoe_overflow_cross_hatched
D:4:      kennysheep_kobold_camp, layout_basic, uniq_menkaure
D:5:      layout_basic, serial_shops, shop, fountainhead, uniq_duvessa
D:6:      layout_loops_ring, mainiacjoe_overflow_small_starburst, zin_purify,
          minmay_temple_entry_proselytizer
D:7:      layout_gridville, grunt_gozag_breadcrumbs,
          mainiacjoe_overflow_alcove_1, uniq_pikel
D:8:      layout_basic, mainiacjoe_overflow_catch_the_wave, serial_shops, shop,
          gammafunk_ghost_abyssal_escape,
          serial_library_regret_index_branch_corner, uniq_maggie
D:9:      layout_basic, minmay_shop_chei
D:10:     layout_long_grid, kennysheep_mini, grunt_lair_entry_orc_guard_hut,
          serial_shops, shop
D:11:     layout_loops_ring, kennysheep_orc_monster_closet_entryway,
          uniq_josephine, uniq_erolcha, uniq_lodul
D:12:     layout_roguey, uniq_nergalle
Temple:   nicolae_temple_ecumenical_triangle

Skill      XL: |  1  2  3  4  5  6  7  8  9 10 11 12 |
---------------+-------------------------------------+-----
Armour         | 4 5 6 7 8 10 11 12 13 | 13.0
Fighting       | 4 5 6 7 9 10 | 10.7
Shields        | 4 5 6 7 9 |  9.6
Maces & Flails | 3 5 7 8 10 12 13 | 13.9
Dodging        | 1 3 4 |  4.8
Stealth        | 1 |  1.6

Action                     |  1- 3 |  4- 6 |  7- 9 | 10-12 || total
---------------------------+-------+-------+-------+-------++-------
  Melee: Flail             |    42 |       |       |       ||    42
         Headbutt          |    12 |    14 |    51 |    91 ||   168
         Mace              |    47 |   104 |   256 |   320 ||   727
 Invoke: Donate Gold       |       |       |     1 |       ||     1
    Use: Scroll            |     3 |     8 |     9 |     5 ||    25
         Potion            |       |       |     2 |     2 ||     4
 Armour: Scale mail        |    49 |       |       |       ||    49
         Chain mail        |    17 |    70 |   229 |       ||   316
         Shadow dragon sca |       |       |       |   261 ||   261
  Dodge: Dodged            |    40 |    42 |    95 |    98 ||   275
  Block: Buckler           |    17 |    20 |    62 |    44 ||   143
         Kite shield       |       |       |       |    58 ||    58
